 Dungeon Crawl Stone Soup version 0.30-a0-310-g7d6cbdfea6 (webtiles) character file.

Game seed: 5835339623054050314

114 koil the Sneak (level 4, 0/23 HPs)
             Began as a Spriggan Brigand on Oct 25, 2022.
             Hit by a goblin thrown by Robin (1 damage)
             ... on level 4 of the Dungeon.
             The game lasted 00:06:44 (3034 turns).

koil the Sneak (Spriggan Brigand)                   Turns: 3034, Time: 00:06:44

Health: 0/23       AC:  3    Str:  7    XL:     4   Next: 66%
Magic:  8/8        EV: 17    Int: 17    God:
Gold:   198        SH:  5    Dex: 16    Spells: 2/7 levels left

rFire   x . .      SeeInvis +    a - +2 dagger
rCold   + . .      Faith    .    (no shield)
rNeg    . . .      Spirit   .    b - +0 robe
rPois   +          Reflect  +    (helmet restricted)
rElec   +          Harm     .    c - +0 cloak
rCorr   .          Rampage  .    (gloves unavailable)
Will    .....                    (boots unavailable)
Stlth   +++.......               h - amulet of reflection
HPRegen 0.23/turn                v - ring "Fiqiqenoe" {Ice rElec rPois Int+3}
MPRegen 0.11/turn                (no ring)

@: very quick
A: very small, no large weapons, unfitting armour, see invisible, speed 3
a: no special abilities


You were on level 4 of the Dungeon.
You visited 1 branch of the dungeon, and saw 4 of its levels.

You collected 198 gold pieces.

Inventory:

Hand Weapons
 a - a +2 dagger (weapon)
Missiles
 d - 9 poisoned darts (quivered)
 e - 3 curare-tipped darts
Armour
 b - a +0 robe (worn)
 c - a +0 cloak (worn)
 z - a +2 helmet
Magical Staves
 s - a staff of conjuration
Jewellery
 h - an amulet of reflection (around neck)
 v - the ring "Fiqiqenoe" (left hand) {Ice rElec rPois Int+3}
   (You found it on level 2 of the Dungeon)

   [ring of ice]

   It enhances your ice magic.
   Int:       It affects your intelligence (+3).
   rF:        It makes you vulnerable to fire.
   rC:        It protects you from cold.
   rElec:     It insulates you from electricity.
   rPois:     It protects you from poison.
Wands
 x - a wand of flame (21)
 B - a wand of digging (1)
Scrolls
 i - 2 scrolls of vulnerability {unknown}
 k - a scroll of magic mapping {unknown}
 l - 4 scrolls of identify {unknown}
 m - a scroll of blinking {unknown}
 p - a scroll of immolation {unknown}
 q - a scroll of noise {unknown}
 u - a scroll of poison {unknown}
 w - 2 scrolls of enchant armour {unknown}
 y - a scroll of brand weapon {unknown}
 C - a scroll of enchant weapon {unknown}
Potions
 f - a potion of might {unknown}
 g - a potion of heal wounds {unknown}
 j - 3 potions of degeneration {unknown}
 n - 3 potions of mutation {unknown}
 o - 2 potions of curing {unknown}
 r - a potion of magic {unknown}
 t - a potion of resistance {unknown}
 A - a potion of flight {unknown}


   Skills:
 + Level 2.1 Fighting
 + Level 3.0 Short Blades
 - Level 2.0 Throwing
 + Level 2.6 Dodging
 + Level 6.5 Stealth
 + Level 2.0 Spellcasting
 + Level 0.5 Hexes
 + Level 1.8 Translocations


You had 2 spell levels left.
You knew the following spells:

 Your Spells              Type           Power      Damage    Failure   Level
a - Blink                 Tloc           14%        N/A       14%         2
b - Confusing Touch       Hex            3%         N/A       43%         3

Your spell library contained the following spells:

 Spells                   Type           Power      Damage    Failure   Level
 Slow                     Hex            12%        N/A       16%         1
 Vhi's Electric Charge    Tloc/Air       8%         N/A       36%         3
 Vampiric Draining        Necr           1%         2d6       50%         3
 Manifold Assault         Tloc           7%         N/A       65%         4
 Summon Forest            Summ/Tloc      2%         N/A       98%         5
 Arcjolt                  Conj/Air       0%         1d10      99%         5
 Summon Mana Viper        Hex/Summ       2%         N/A       99%         5
 Summon Cactus Giant      Summ           0%         N/A       100%        6
 Storm Form               Tmut/Air       0%         N/A       100%        7
 Maxwell's Capacitive Co  Air            0%         ∞         100%        8


Dungeon Overview and Level Annotations

Branches:
Dungeon (4/15)
 Temple: D:4-7

Altars:
Hepliaklqana

Shops:
D:1 :

Annotations:
D:4 Robin


Innate Abilities, Weirdness & Mutations

You are very small and have problems with some larger weapons.
You are too small for most types of armour.
You have supernaturally acute eyesight. (SInv)
You cover ground extremely quickly. (Speed+++)


Message History

The goblin closely misses you. You block the hobgoblin's attack.
The goblin shouts!
You hit the hobgoblin.
You kill the hobgoblin!
The goblin shoots a sling bullet.
You reflect the sling bullet off an invisible shield around you!
The sling bullet barely misses the goblin.
The sling bullet hits Robin.
You closely miss the goblin. You block the goblin's attack.
The goblin shoots a sling bullet.
The sling bullet hits you.
You hit the goblin.
The goblin is almost dead.
The goblin hits you with a +0 dagger.
* * * LOW HITPOINT WARNING * * *
The goblin shoots a sling bullet.
The sling bullet hits you but does no damage.
You closely miss the goblin.
The goblin is almost dead.
The goblin barely misses you. Robin throws the goblin at you!
* * * LOW HITPOINT WARNING * * *
You barely miss the goblin.
The goblin is almost dead.
The goblin closely misses you. The goblin hits you with a +0 dagger.
* * * LOW HITPOINT WARNING * * *
You hit the goblin.
You kill the goblin!
The goblin no longer looks unusually strong.
Robin throws the goblin at you! You block the goblin's attack.
The goblin barely misses you.
You miss the goblin.
Okay, then.
You closely miss the goblin. You block the goblin's attack.
The goblin barely misses you.
You hit the goblin.
You kill the goblin!
The goblin hits you with a +0 dagger.
* * * LOW HITPOINT WARNING * * *
The goblin no longer looks unusually strong.
Robin throws the goblin at you!
You die...

##. ...
#########.##.......
..................
#####................
........g........##.#
#@#........##.#
#g#........##.#
#)#........##.#
#g#........##.##
#g#............###
#.#...##.#.##....# ##
#g................ #..
#.#...##.#.##....#
#...#.#...............


You could see Robin and 4 goblins.

Vanquished Creatures
  Terence (D:2)
  A dart slug (D:1)
  7 orcs (D:3)
  2 endoplasms
  2 giant cockroaches (D:1)
  15 goblins
  10 hobgoblins
  6 jackals (D:2)
  3 kobolds
  2 quokkas (D:1)
  A ball python (D:2)
  7 bats
  4 frilled lizards
  9 rats
70 creatures vanquished.

Notes
Turn   | Place    | Note
-------+----------+-------------------------------------------
     0 | D:1      | koil the Spriggan Brigand began the quest for the Orb.
     0 | D:1      | Reached XP level 1. HP: 10/10 MP: 2/2
    78 | D:1      | Found Bimme's Vocational Training.
   172 | D:1      | Reached skill level 6 in Stealth
   180 | D:1      | Reached XP level 2. HP: 15/15 MP: 3/3
   281 | D:1      | Reached skill level 1 in Spellcasting
   533 | D:1      | Learned a level 2 spell: Blink
   732 | D:1      | Reached XP level 3. HP: 18/18 MP: 5/5
  1094 | D:2      | Noticed Terence
  1101 | D:2      | Killed Terence
  1102 | D:2      | Reached skill level 1 in Translocations
  1190 | D:2      | Reached XP level 4. HP: 23/23 MP: 7/7
  1583 | D:2      | Identified the ring "Fiqiqenoe" {Ice rElec rPois Int+3}
  1834 | D:2      | Learned a level 3 spell: Confusing Touch
  2155 | D:3      | Found a hazy altar of Hepliaklqana.
  3001 | D:4      | Noticed Robin
  3033 | D:4      | HP: 1/23 [goblin/+0 dagger[Robin] (2)]
  3034 | D:4      | Hit by a goblin thrown by Robin

Illustrated notes

Levels and vault maps discovered:
D:1:      sevenhm_arrival_forest_fort_small_5, layout_basic,
          nicolae_shop_vocational
D:2:      layout_basic, uniq_terence
D:3:      layout_basic, amcnicky_altar_gilded
D:4:      layout_basic, uniq_robin, uniq_natasha

Skill      XL: |  1  2  3  4 |
---------------+-------------+-----
Stealth        | 6 |  6.5
Spellcasting   | 1 2 |  2.0
Dodging        | 2 |  2.6
Fighting       | 2 |  2.1
Translocations | 1 |  1.8
Short Blades   | 3 |  3.0
Throwing       | |  2.0
Hexes          | |  0.5

Action                   |  1- 3 |  4- 6 || total
-------------------------+-------+-------++-------
Melee: Dagger            |   121 |   107 ||   228
       Punch             |     1 |       ||     1
 Stab: Sleeping          |    15 |     7 ||    22
       Distracted        |     1 |       ||     1
Armor: Robe              |    17 |     5 ||    22
Dodge: Dodged            |    59 |    50 ||   109
Block: Other             |    14 |    19 ||    33
       Reflection        |       |     2 ||     2

Table legend: (Time is in decaauts)
 A = Elapsed time spent in this place.
 B = Non-inter-level travel time spent in this place.
 C = Inter-level travel time spent in this place.
 D = Time resting spent in this place.
 E = Time spent auto-exploring this place.
 F = Levels seen in this place.
 G = Mean time per level.
                   A        B        C        D        E       F      G
               +--------+--------+--------+--------+--------+-----+--------+
         Total |   1959 |   1937 |     22 |      0 |   1495 |   4 |  489.8 |
       Dungeon |   1959 |   1937 |     22 |      0 |   1495 |   4 |  489.8 |
               +--------+--------+--------+--------+--------+-----+--------+

Top non-repeatable levels by time:
     D:3: 668 daAuts
     D:2: 617 daAuts
     D:1: 583 daAuts
     D:4: 91 daAuts
